 Dungeon Crawl Stone Soup version 0.17.2 (webtiles) character file.

126521 Goblin1989 the Basher (level 16, 0/139 HPs)
             Began as a Demonspawn Gladiator on July 7, 2016.
             Was the Champion of Cheibriados.
             Succumbed to a guardian serpent's bolt of poison
             ... on level 2 of the Snake Pit on July 9, 2016.
             The game lasted 01:50:57 (28193 turns).

Goblin1989 the Basher (Demonspawn Gladiator)       Turns: 28193, Time: 01:50:57

Health: 0/139      AC: 22    Str: 41    XL:     16   Next: 44%
Magic:  0/23       EV: 18    Int: 26    God:    Cheibriados [******]
Gold:   1463       SH:  9    Dex: 29    Spells: 6 memorised, 1 level left

rFire  + + +     SeeInvis .     a - +7 flail (crush)
rCold  + . .     Clarity  .     K - +1 plate armour {rF+}
rNeg   . . .     SustAt   .     G - +2 buckler
rPois  +         Gourm    .     c - +0 helmet
rElec  +         Spirit   +     S - +0 cloak {rPois}
rCorr  .         Warding  .     (no gloves)
rMut   .         Stasis   .     O - +0 pair of boots
MR     ++...                    y - amulet "Saoxasylon" {rElec rF+ Regen+}
Stlth  ..........               o - ring of protection from magic
                                R - ring of protection from cold

@: mighty, lethally poisoned (0 -> -11), about to teleport, very slightly
contaminated, very slow, very resistant to hostile enchantments, extremely
unstealthy
A: claws 2, thin metallic scales 2, fire resistance 1, ignite blood, robust 1,
magic shield, magic regeneration, flame cloud immunity
a: Bend Time, Temporal Distortion, Slouch, Step From Time, Renounce Religion


You were on level 2 of the Snake Pit.
You worshipped Cheibriados.
Cheibriados was exalted by your worship.
You were hungry.

You visited 4 branches of the dungeon, and saw 29 of its levels.
You also visited: Labyrinth, Ossuary and Volcano.

You collected 3976 gold pieces.
You spent 2513 gold pieces at shops.

Inventory:

Hand Weapons
 a - a +7 flail of crushing (weapon)
 Y - the +6 hunting sling of War {flame, rElec rPois Int+4 Dex-2}
   (You found it on level 14 of the Dungeon)

   It causes projectiles fired from it to burn those they strike, causing extra
   injury to most foes and up to half again as much damage against particularly
   susceptible opponents.
   It affects your intelligence (+4).
   It affects your dexterity (-2).
   It insulates you from electricity.
   It protects you from poison.
Missiles
 d - 4 throwing nets (quivered)
 M - 3 javelins of penetration
Armour
 c - a +0 helmet (worn)
 g - the +0 shield of the Skies Above {+Fly rC- Regen+ Int+2}
   (You acquired it on level 6 of the Lair of Beasts)

   It affects your intelligence (+2).
   It makes you vulnerable to cold.
   It lets you fly.
   It increases your rate of regeneration.
 G - a +2 buckler (worn)
 K - a +1 plate armour of fire resistance (worn)
 L - the +0 robe "Derie" {rCorr Str+10}
   (You found it on level 7 of the Lair of Beasts)

   It affects your strength (+10).
   It protects you from acid and corrosion.
 O - a +0 pair of boots (worn)
 S - a +0 cloak of poison resistance (worn)
Jewellery
 l - an uncursed ring of positive energy
 o - a ring of protection from magic (right claw)
 v - the ring "Ritukyje" {rN+ EV-3 Str+3}
   (You found it on level 11 of the Dungeon)

   [ring of evasion]

   It affects your evasion (-3).
   It affects your strength (+3).
   It protects you from negative energy.
 y - the amulet "Saoxasylon" (around neck) {rElec rF+ Regen+}
   (You bought it in a shop on level 4 of the Orcish Mines)

   [amulet of regeneration]

   It protects you from fire.
   It insulates you from electricity.
   It increases your rate of regeneration.
 R - a ring of protection from cold (left claw)
 W - an uncursed amulet of resist mutation
Wands
 f - a wand of digging (15)
 I - a wand of digging (5)
 N - a wand of disintegration (7)
Scrolls
 b - 3 scrolls of immolation
 h - 3 scrolls of fog
 k - 2 scrolls of fear
 n - 5 scrolls of amnesia
 p - 3 scrolls of recharging
 r - 8 scrolls of remove curse
 u - a scroll of holy word {unknown}
 A - 9 scrolls of enchant armour
 J - 2 scrolls of summoning {unknown}
 T - 5 scrolls of teleportation
 U - 3 scrolls of magic mapping
 Z - a scroll of enchant weapon
Potions
 t - a potion of flight
 w - 2 potions of cancellation
 x - a potion of cure mutation
 z - 4 potions of ambrosia
 B - a potion of resistance
 D - 2 potions of agility
 E - a potion of magic
 F - 2 potions of might
 H - 14 potions of curing
 Q - a potion of brilliance
Books
 j - a book of Necromancy

   Spells                             Type                      Level
   a - Pain                           Necromancy                   1
   b - Animate Skeleton               Necromancy                   1
   c - Vampiric Draining              Necromancy                   3
   d - Regeneration                   Charms/Necromancy            3
   e - Animate Dead                   Necromancy                   4
   f - Control Undead                 Necromancy                   4
 X - a book of Summonings

   Spells                             Type                      Level
   a - Recall                         Summoning/Translocation      3
   b - Aura of Abjuration             Summoning                    5
   c - Shadow Creatures               Summoning                    5
   d - Summon Demon                   Summoning                    5
   e - Summon Forest                  Summoning/Translocation      5
   f - Summon Mana Viper              Hexes/Summoning              5
Comestibles
 e - 19 bread rations
 i - 7 beef jerkies
 q - 13 meat rations
 P - 12 royal jellies
 V - 3 fruits


   Skills:
 - Level 12.0 Fighting
 - Level 12.2 Maces & Flails
 - Level 1.7 Throwing
 - Level 9.0 Armour
 - Level 9.1 Dodging
 - Level 4.8 Shields
 + Level 9.6 Unarmed Combat
 - Level 2.9 Spellcasting
 - Level 0.2 Necromancy
 * Level 10.0 Transmutations
 * Level 10.1 Earth Magic
 - Level 10.1 Invocations


You had one spell level left.
You knew the following spells:

 Your Spells              Type           Power        Failure   Level  Hunger
a - Apportation           Tloc           #.........   47%         1    None
b - Statue Form           Trmt/Erth      ######...    93%         6    #######
c - Animate Skeleton      Necr           N/A          47%         1    None
d - Mass Confusion        Hex            #.........   100%        6    #######
e - Song of Slaying       Chrm           #.......     73%         2    ##.....
f - Regeneration          Chrm/Necr      #.........   96%         3    ###....


Dungeon Overview and Level Annotations

Branches:
Dungeon (15/15)            Temple (0/1) D:4            Lair (8/8) D:11
 Shoals (0/4) Lair:5        Snake (2/4) Lair:5        Slime (0/6) Lair:7
    Orc (4/4) D:10            Elf (0/3) Orc:3        Vaults (0/5) D:14
 Depths (0/5) D:15

Altars:
Ashenzari
Cheibriados
Dithmenos
Elyvilon
Gozag
Qazlal
Ru
Trog
Vehumet
Yredelemnul
Zin
The Shining One
Beogh

Shops:
D:5 !?   D:7 =!   Orc:1 (([   Orc:4 (=?:

Annotations:
Snake:1 Louise


Innate Abilities, Weirdness & Mutations

You have very sharp fingernails.
You are mostly covered in thin metallic scales (AC +3).
Your flesh is heat resistant.
Your demonic aura causes spilled blood to erupt in flames.
You are robust (+10% HP).
When hurt, damage is shared between your health and your magic reserves.
You regenerate magic rapidly.
You are immune to clouds of flame.


Message History

The greater naga hits you with a flail!
* * * LOW HITPOINT WARNING * * *
The anaconda bites you but does no damage.
You block the mana viper's attack. The naga hits you but does no damage.
The anaconda is engulfed in roaring flames.
The anaconda bites you but does no damage.
The anaconda constricts you.
The naga warrior is engulfed in roaring flames.
The naga warrior hits you with a battleaxe!
* * * LOW HITPOINT WARNING * * *
You block the anaconda's attack.
The greater naga is engulfed in roaring flames.
The greater naga points at you and mumbles some strange words.
You feel strangely unstable.
You take 20 damage, and have 1/139 hp.
Read which item? (? for menu, Esc to quit)
Blink to where?
You escape the anaconda's grasp.
As you read the scroll of blinking, it crumbles to dust.
You die...

##### ##...##### .
#####...).#.. ..#
..#........#
....##..........#
#...†SS.......####.#
#N§SS....@......#
#SNN#N.......######
.....##...........
.... .##....#.....
... ####.#...#..# ..
#.....# .# # ## #...
# ..#.


You could see a greater naga, 2 anacondas and 2 mana vipers.

Vanquished Creatures
  An acid blob (Lair:7)
  A minotaur (Lab)
  Snorg (D:12)
  Josephine (D:12)
  The ghost of Goblin1989 the Destroyer, a journeyman DsWz of Sif Muna (Lair:3)
  11 hydras
  2 naga warriors (Snake:1)
  4 anacondas
  2 ogre magi (Orc:4)
  2 death yaks (Lair:8)
  A deep troll earth mage (D:11)
  A tengu warrior (D:11)
  4 naga sharpshooters (Snake:1)
  A shock serpent (Snake:1)
  2 slime creatures (D:14)
  2 unseen horrors
  2 deep trolls (Orc:4)
  An orc knight (Orc:2)
  A lindwurm (Lair:8)
  3 naga ritualists
  A necromancer (D:15)
  5 hill giants
  2 deep elf conjurers (D:15)
  5 mana vipers (Snake:1)
  An orc sorcerer (D:15)
  A salamander (shapeshifter) (D:14)
  2 griffons
  3 salamanders (Snake:1)
  10 ugly things
  8 cyclopes
  2 manticores (D:13)
  36 elephants
  An elephant (shapeshifter) (D:15)
  Maurice (D:12)
  2 moths of wrath (shapeshifter) (D:14)
  3 torpor snails
  A naga mage (D:15)
  3 centaur zombies
  2 gargoyles
  13 black mambas
  7 spiny frogs
  4 centaur skeletons
  An efreet (D:15)
  A freezing wraith (D:15)
  A guardian mummy (Volcano)
  5 fire drakes
  8 komodo dragons
  8 polar bears (Lair:8)
  A merfolk (D:9)
  A harpy skeleton (D:15)
  Grinder (D:4)
  9 two-headed ogres
  A centaur simulacrum (D:15)
  Prince Ribbit (D:5)
  15 trolls
  A giant leech (Lair:8)
  3 boulder beetles
  8 blink frogs
  A raiju (shapeshifter) (D:15)
  A raiju (Lair:8)
  2 flying skulls (Volcano)
  2 shadows
  4 vampires (Volcano)
  3 deep elf magi
  The ghost of Alipheese the Slasher, an amateur NaAK of Lugonu (D:5)
  A wyvern (Lair:4)
  6 wraiths
  3 basilisks
  53 yaks
  11 hippogriffs
  45 wolves
  11 nagas
  10 wargs
  Menkaure (D:6)
  2 hill giant skeletons (Volcano)
  5 hungry ghosts
  3 mottled dragons
  4 hell hounds (Lair:8)
  8 vampire mosquitoes
  10 porcupines
  22 water moccasins
  Duvessa (D:4)
  2 merfolk skeletons (Volcano)
  2 wasps
  25 orc warriors
  2 soldier ants
  15 centaurs
  3 sky beasts
  6 ice beasts
  4 eyes of draining
  38 ogres
  A centaur (shapeshifter) (D:14)
  8 big kobolds
  16 black bears
  2 manticore skeletons (Volcano)
  20 crocodiles
  19 giant frogs
  3 gnoll sergeants
  2 wyvern skeletons
  Dowan (D:4)
  4 scorpions
  6 wights
  5 killer bees (D:7)
  A spriggan skeleton (Volcano)
  5 crimson imps
  3 electric eels
  A gnoll shaman (D:4)
  38 orc priests
  2 giant frog zombies
  3 jellies
  A giant frog skeleton (D:12)
  15 hounds
  28 orc wizards
  Jessica (D:2)
  15 iguanas
  A two-headed ogre skeleton (Volcano)
  Terence (D:2)
  Natasha (D:4)
  15 worker ants
  13 sheep
  A naga skeleton (Volcano)
  A hound zombie (D:5)
  2 ogre skeletons (Volcano)
  3 mummies
  2 worker ant zombies
  24 adders
  16 gnolls
  100 river rats
  3 shadow imps
  An ooze (D:6)
  An adder skeleton (D:7)
  4 giant geckos
  170 orcs
  2 ball pythons (D:1)
  5 bats
  3 giant cockroaches
  6 gnoll zombies (Ossuary)
  2 hobgoblins
  15 jackals
  30 kobolds
  3 quokkas
  2 giant gecko skeletons
  A giant gecko zombie (D:5)
  7 giant newts
  5 goblins
  A goblin zombie (Ossuary)
  3 hobgoblin zombies (Ossuary)
  4 orc zombies (Ossuary)
  3 rats (D:2)
  A butterfly (Lair:2)
  2 fungi
  2 plants (Lair:8)
1185 creatures vanquished.

Vanquished Creatures (others)
  An elephant (Lair:8)
  4 yaks (D:14)
  3 river rats (Lair:7)
  31 fungi
  33 plants
72 creatures vanquished.

Grand Total: 1257 creatures vanquished

Notes
Turn   | Place    | Note
--------------------------------------------------------------
     0 | D:1      | Goblin1989 the Demonspawn Gladiator began the quest for the Orb.
     0 | D:1      | Reached XP level 1. HP: 16/16 MP: 1/1
   196 | D:1      | Reached skill level 3 in Maces & Flails
   359 | D:1      | Gained mutation: When hurt, damage is shared between your health and your magic reserves. [demonic ancestry]
   359 | D:1      | Reached XP level 2. HP: 22/22 MP: 2/2
   657 | D:1      | Found a snail-covered altar of Cheibriados.
   663 | D:1      | Became a worshipper of Cheibriados the Contemplative
  1003 | D:2      | Found an opulent altar of Gozag.
  1003 | D:2      | Noticed Terence
  1271 | D:2      | Gained mutation: Your flesh is heat resistant. [demonic ancestry]
  1271 | D:2      | Reached XP level 3. HP: 27/27 MP: 3/3
  1291 | D:2      | Noticed Jessica
  1298 | D:2      | Killed Jessica
  1298 | D:2      | Reached * piety under Cheibriados
  1298 | D:2      | Reached skill level 4 in Maces & Flails
  1304 | D:2      | Reached XP level 4. HP: 24/33 MP: 1/4
  1323 | D:2      | Killed Terence
  1495 | D:2      | Found a shadowy altar of Dithmenos.
  1548 | D:2      | Found a faded altar to an unknown god.
  1630 | D:2      | Found a radiant altar of Vehumet.
  1790 | D:3      | Reached skill level 5 in Maces & Flails
  1790 | D:3      | Reached skill level 1 in Invocations
  1790 | D:3      | Reached XP level 5. HP: 20/38 MP: 2/5
  2097 | D:3      | Found a sacrificial altar of Ru.
  2205 | D:4      | Noticed an ogre
  2219 | D:3      | Reached ** piety under Cheibriados
  2253 | D:4      | Gained mutation: You are partially covered in thin metallic scales (AC +2). [demonic ancestry]
  2253 | D:4      | Reached XP level 6. HP: 26/44 MP: 6/8
  2319 | D:4      | Reached skill level 6 in Maces & Flails
  2348 | D:4      | Found a sand-covered staircase.
  2352 | Ossuary  | Entered an ossuary
  2575 | D:4      | Killed an ogre
  2675 | D:4      | Found a staircase to the Ecumenical Temple.
  2707 | D:4      | Gained mutation: You are immune to clouds of flame. [demonic ancestry]
  2707 | D:4      | Reached XP level 7. HP: 47/50 MP: 7/10
  2763 | D:4      | Noticed Grinder
  2765 | D:4      | Paralysed by Grinder for 6 turns
  2776 | D:4      | Killed Grinder
  2776 | D:4      | Reached skill level 7 in Maces & Flails
  2926 | D:4      | Noticed an ogre
  2933 | D:4      | Killed an ogre
  2933 | D:4      | Reached *** piety under Cheibriados
  2933 | D:4      | Reached skill level 5 in Invocations
  3267 | D:4      | Noticed Dowan
  3268 | D:4      | Noticed Duvessa
  3268 | D:4      | Noticed Natasha
  3272 | D:4      | Killed Duvessa
  3272 | D:4      | Reached skill level 8 in Maces & Flails
  3272 | D:4      | Reached XP level 8. HP: 45/56 MP: 8/12
  3278 | D:4      | Killed Dowan
  3284 | D:4      | Killed Natasha
  3472 | D:5      | Entered Level 5 of the Dungeon
  3665 | D:5      | Noticed Alipheese's ghost (amateur NaAK)
  3679 | D:5      | Killed Alipheese's ghost
  3692 | D:5      | Found Xitaahan's Magic Scroll Emporium.
  3700 | D:5      | Bought a scroll of immolation for 38 gold pieces
  3700 | D:5      | Bought a scroll of identify for 22 gold pieces
  3700 | D:5      | Bought a scroll of torment for 82 gold pieces
  3700 | D:5      | Bought a scroll of enchant weapon for 82 gold pieces
  3700 | D:5      | Bought a scroll of enchant armour for 82 gold pieces
  3700 | D:5      | Bought a scroll of magic mapping for 38 gold pieces
  3763 | D:5      | Noticed Prince Ribbit
  3778 | D:5      | Killed Prince Ribbit
  3778 | D:5      | Reached skill level 9 in Maces & Flails
  3838 | D:5      | Reached **** piety under Cheibriados
  3961 | D:5      | Found Eklidghao's Distillery.
  4287 | D:6      | Noticed Menkaure
  4292 | D:6      | Gained mutation: You are mostly covered in thin metallic scales (AC +3). [demonic ancestry]
  4292 | D:6      | Reached XP level 9. HP: 38/61 MP: 8/14
  4297 | D:6      | Killed Menkaure
  4297 | D:6      | Reached skill level 10 in Maces & Flails
  4718 | D:6      | Found a stormy altar of Qazlal.
  5044 | D:7      | Found a glowing golden altar of the Shining One.
  5122 | D:7      | Reached ***** piety under Cheibriados
  5164 | D:7      | Found Zokhle Ehusa's Jewellery Shoppe.
  5398 | D:7      | Reached skill level 11 in Maces & Flails
  5575 | D:7      | Found a shattered altar of Ashenzari.
  5596 | D:7      | Found an opulent altar of Gozag.
  5649 | D:7      | Found Ireqi's Distillery.
  5962 | D:8      | Reached skill level 5 in Fighting
  6040 | D:8      | Gained mutation: You have sharp fingernails. [demonic ancestry]
  6040 | D:8      | Reached XP level 10. HP: 29/74 MP: 6/15
  6535 | D:8      | Found a bloodstained altar of Trog.
  6842 | D:8      | Found a glowing silver altar of Zin.
  7030 | D:9      | Found a white marble altar of Elyvilon.
  7083 | D:9      | Reached ****** piety under Cheibriados
  7350 | D:9      | Reached skill level 12 in Maces & Flails
  7524 | D:9      | Found a basalt altar of Yredelemnul.
  8008 | D:9      | Reached skill level 1 in Armour
  8158 | D:10     | Entered Level 10 of the Dungeon
  8275 | D:10     | Found a staircase to the Orcish Mines.
  8281 | D:10     | Reached XP level 11. HP: 38/86 MP: 7/17
  8519 | D:10     | Noticed a hill giant
  8529 | D:10     | Killed a hill giant
  9375 | D:11     | Found a staircase to the Lair.
  9407 | D:11     | Killed an unseen horror
  9407 | D:11     | Reached skill level 1 in Unarmed Combat
  9656 | D:11     | Found a runed door.
 10013 | D:11     | Noticed a tengu warrior
 10013 | D:11     | Noticed a hill giant
 10013 | D:11     | Noticed a deep troll earth mage
 10023 | D:11     | Killed a deep troll earth mage
 10023 | D:11     | Reached skill level 5 in Armour
 10031 | D:11     | HP: 1/89 [hill giant/giant spiked club (14)]
 10033 | D:11     | Killed a hill giant
 10033 | D:11     | Reached skill level 10 in Invocations
 10039 | D:11     | Killed a tengu warrior
 10139 | D:11     | Learned a level 1 spell: Apportation
 10141 | D:11     | Got a crude arbalest
 10148 | D:11     | Identified the +3 arbalest of the Skies Above {freeze, Str+7} (You found it on level 11 of the Dungeon)
 10150 | D:11     | Got a translucent ring mail
 10161 | D:11     | Identified the +3 ring mail of Xempocis {+Fly rF- rN+ Stlth+} (You found it on level 11 of the Dungeon)
 10163 | D:11     | Got a sparkling glass ring
 10164 | D:11     | Identified the cursed ring "Ritukyje" {rN+ EV-3 Str+3} (You found it on level 11 of the Dungeon)
 10166 | D:11     | Got a brightly glowing quarterstaff
 10177 | D:11     | Identified the +8 quarterstaff "Transmigrator" {elec, rN+ Str+5} (You found it on level 11 of the Dungeon)
 10250 | Lair:1   | Entered Level 1 of the Lair of Beasts
 10806 | Lair:1   | Noticed a six-headed hydra
 10816 | Lair:1   | Killed a six-headed hydra
 10816 | Lair:1   | Reached skill level 10 in Fighting
 10816 | Lair:1   | Gained mutation: You have very sharp fingernails. [demonic ancestry]
 10816 | Lair:1   | Reached XP level 12. HP: 33/97 MP: 3/19
 11214 | Lair:2   | Reached skill level 1 in Shields
 11634 | Lair:2   | Noticed a six-headed hydra
 11646 | Lair:2   | Killed a six-headed hydra
 12131 | Lair:3   | Found a labyrinth entrance.
 12143 | Lair:3   | Got a spiked ring mail
 12154 | Lair:3   | Identified the +4 ring mail of Darkness {Dex+2 SInv} (You found it on level 3 of the Lair of Beasts)
 12172 | Lab      | Entered a labyrinth
 12299 | Lab      | Noticed a minotaur
 12325 | Lab      | Killed a minotaur
 12330 | Lab      | Got a translucent shortbow
 12336 | Lab      | Identified the +6 shortbow of Watchfulness {flame, rF+ MR+ Int+3 Dex-2} (You took it off a minotaur in a labyrinth)
 12353 | Lab      | Identified the Grimoire of Hexes
 12369 | Lab      | Identified the Disquisition on Shifting Clay
 12374 | Lab      | Identified Borphe Qodu's Compendium of the Arsonist and Confrontation
 12393 | Lab      | Learned a level 6 spell: Statue Form
 12462 | Lair:3   | Noticed a six-headed hydra
 12477 | Lair:3   | Killed a six-headed hydra
 12685 | Lair:3   | Reached skill level 1 in Spellcasting
 12685 | Lair:3   | Reached skill level 1 in Transmutations
 12685 | Lair:3   | Reached skill level 1 in Earth Magic
 12950 | Lair:3   | Noticed Goblin1989's ghost (journeyman DsWz)
 12965 | Lair:3   | Killed Goblin1989's ghost
 12965 | Lair:3   | Reached skill level 5 in Unarmed Combat
 13323 | Lair:4   | Gained mutation: Your demonic aura causes spilled blood to erupt in flames. [demonic ancestry]
 13323 | Lair:4   | Reached XP level 13. HP: 87/103 MP: 17/20
 13412 | Lair:4   | Noticed a six-headed hydra
 13417 | Lair:4   | Killed a six-headed hydra
 13448 | Lair:4   | Found a dark tunnel.
 13459 | Volcano  | Entered a volcano
 13654 | Volcano  | Identified the Incunabulum of Flight and Arcane Weapons
 13953 | Lair:4   | Learned a level 1 spell: Animate Skeleton
 13969 | Lair:4   | Learned a level 6 spell: Mass Confusion
 14078 | Lair:4   | Identified a scroll of acquirement
 14272 | Lair:4   | Reached skill level 5 in Dodging
 14827 | Lair:5   | Found a staircase to the Shoals.
 15061 | Lair:5   | Found a staircase to the Snake Pit.
 15778 | Lair:6   | Got an ichor-stained shield
 15789 | Lair:6   | Identified the +0 shield of the Skies Above {+Fly rC- Regen+ Int+2} (You acquired it on level 6 of the Lair of Beasts)
 16129 | Lair:6   | Found a runed door.
 16398 | Lair:7   | Found a staircase to the Slime Pits.
 16657 | Lair:7   | Gained mutation: You are robust (+10% HP). [demonic ancestry]
 16657 | Lair:7   | Reached XP level 14. HP: 102/123 MP: 21/21
 17231 | Lair:7   | Got a smoking robe
 17242 | Lair:7   | Identified the +0 robe "Derie" {rCorr Str+10} (You found it on level 7 of the Lair of Beasts)
 17277 | Lair:7   | Noticed an acid blob
 17283 | Lair:7   | Killed an acid blob
 17663 | Lair:8   | Entered Level 8 of the Lair of Beasts
 18141 | Lair:8   | Identified a +5 rod of the swarm (10/10) (You found it on level 8 of the Lair of Beasts)
 18629 | Lair:8   | Reached skill level 5 in Earth Magic
 18714 | Lair:8   | Reached skill level 5 in Transmutations
 19230 | Orc:1    | Entered Level 1 of the Orcish Mines
 19230 | Orc:1    | Found Taoffuv's Antique Weapon Emporium.
 19230 | Orc:1    | Found Toporof's Armour Boutique.
 19254 | Orc:1    | Reached XP level 15. HP: 108/131 MP: 22/22
 19330 | Orc:1    | Found Jontecof's Antique Weapon Boutique.
 19926 | Orc:2    | Found a roughly hewn altar of Beogh.
 20565 | Orc:3    | Found a staircase to the Elven Halls.
 20974 | Orc:3    | Found a roughly hewn altar of Beogh.
 21141 | Orc:4    | Entered Level 4 of the Orcish Mines
 21666 | Orc:4    | Found Jirph's Magic Scroll Boutique.
 21674 | Orc:4    | Found Missar's Book Shop.
 21702 | Orc:4    | Found Awegiss's Jewellery Emporium.
 21710 | Orc:4    | Bought a book of Battle for 640 gold pieces
 21713 | Orc:4    | Learned a level 2 spell: Song of Slaying
 21717 | Orc:4    | Learned a level 3 spell: Regeneration
 21721 | Orc:4    | Found Git Ruru's Antique Weapon Shop.
 21748 | Orc:4    | Bought a brightly glowing arbalest for 237 gold pieces
 21753 | Orc:4    | Identified the +5 arbalest "Mynoatiq" {venom, Str+4 Stlth-} (You bought it in a shop on level 4 of the Orcish Mines)
 22169 | D:12     | Noticed Maurice
 22172 | D:12     | Killed Maurice
 22257 | D:12     | Noticed Josephine
 22263 | D:12     | Killed Josephine
 22557 | D:12     | Noticed Snorg
 22569 | D:12     | Killed Snorg
 23717 | D:14     | Got a crystal hunting sling
 23718 | D:14     | Identified the +6 hunting sling of War {flame, rElec rPois Int+4 Dex-2} (You found it on level 14 of the Dungeon)
 23867 | D:14     | Found a gate to the Vaults.
 24659 | D:15     | Entered Level 15 of the Dungeon
 24970 | D:15     | Found a white marble altar of Elyvilon.
 25435 | D:15     | Gained mutation: You regenerate magic rapidly. [demonic ancestry]
 25435 | D:15     | Reached XP level 16. HP: 138/138 MP: 23/23
 25459 | D:15     | Found a staircase to the Depths.
 25903 | Snake:1  | Entered Level 1 of the Snake Pit
 27147 | Orc:4    | Bought the amulet "Saoxasylon" {rElec rF+ Regen+} for 867 gold pieces
 27147 | Orc:4    | Bought an uncursed ring of protection from magic for 425 gold pieces
 28162 | Snake:1  | Noticed Louise
 28173 | Snake:1  | Reached skill level 10 in Earth Magic
 28178 | Snake:1  | You fall through a shaft!
 28190 | Snake:2  | Reached skill level 10 in Transmutations
 28192 | Snake:2  | HP: 1/139 [naga warrior/battleaxe (13)]
 28193 | Snake:2  | Succumbed to a guardian serpent's bolt of poison

Action                   |  1- 3 |  4- 6 |  7- 9 | 10-12 | 13-15 | 16-18 || total
-------------------------+-------+-------+-------+-------+-------+-------++-------
Melee: Flail             |    87 |   195 |   368 |   895 |  1700 |   256 ||  3501
       Unarmed           |       |       |       |       |    16 |       ||    16
Throw: Throwing net      |       |     1 |     2 |     4 |       |       ||     7
 Cast: Animate Skeleton  |       |       |       |       |     1 |       ||     1
       Statue Form       |       |       |       |       |       |     1 ||     1
Invok: Slouch            |       |       |       |    11 |     8 |     1 ||    20
Evoke: Wand              |       |       |       |     2 |       |       ||     2
  Use: Scroll            |       |     4 |     2 |    19 |    19 |     4 ||    48
       Potion            |       |       |     1 |     5 |     1 |     5 ||    12
 Stab: Held in net/web   |       |     1 |     2 |     4 |       |       ||     7
  Eat: Chunk             |     2 |     3 |     7 |    12 |    32 |     7 ||    63
       Pizza             |       |       |       |     1 |       |       ||     1
       Fruit             |       |       |       |    13 |       |       ||    13
       Royal jelly       |       |       |       |     1 |       |       ||     1
